 Dungeon Crawl Stone Soup version 0.23.0-3-gf3c87f2 (webtiles) character file.

Game seed: 2677245487204109027

45190 Dordric the Warrior (level 14, 0/129 HPs)
             Began as a Demonspawn Berserker on Feb 24, 2019.
             Was a High Priest of Trog.
             Killed from afar by an orc sorcerer (36 damage)
             ... with a bolt of fire
             ... on level 2 of the Orcish Mines.
             The game lasted 00:49:58 (22336 turns).

Dordric the Warrior (Demonspawn Berserker)         Turns: 22336, Time: 00:49:59

Health: 0/129      AC: 13    Str: 22    XL:     14   Next: 0%
Magic:  0/4        EV: 13    Int:  8    God:    Trog [*****.]
Gold:   1514       SH:  0    Dex: 14    Spells: 13/13 levels left

rFire    . . .     SeeInvis +   X - +7 long sword (antimagic)
rCold    + . .     Gourm    .   (no shield)
rNeg     . . .     Faith    .   Q - +0 plate armour
rPois    .         Spirit   +   (helmet restricted)
rElec    .         Reflect  .   O - +2 cloak
rCorr    .         Harm     +   (no gloves)
MR       ++...                  (no boots)
Stlth    ..........             U - amulet of harm
HPRegen  0.31/turn              A - +4 ring of evasion
MPRegen  0.18/turn              Z - ring "Hulogyan" {rC+ MR+ SInv}

@: berserk cooldown, slowed, very slow
A: horns 2, talons 1, deterioration 1, spiny 1, magic shield, magic
regeneration, sturdy frame 2
a: Berserk, Trog's Hand, Brothers in Arms, Renounce Religion


You were on level 2 of the Orcish Mines.
You worshipped Trog.
Trog was extremely pleased with you.
You were near starving.

You visited 2 branches of the dungeon, and saw 17 of its levels.
You also visited: Sewer.

You collected 1514 gold pieces.

Inventory:

Hand Weapons
 F - a +2 double sword of flaming
 I - a +4 scimitar
 T - a +4 antimagic great sword
 X - a +7 antimagic long sword (weapon)
Missiles
 E - 6 steel tomahawks (quivered)
Armour
 O - a +2 cloak (worn)
 Q - a +0 plate armour (worn)
Jewellery
 b - an uncursed ring of poison resistance
 m - an uncursed ring of magical power
 w - a +2 ring of intelligence
 x - an uncursed ring of see invisible
 A - a +4 ring of evasion (left hand)
 H - an uncursed ring of flight
 K - an uncursed ring of protection from cold
 P - an uncursed amulet of the acrobat
 U - an amulet of harm (around neck)
 Z - the ring "Hulogyan" (right hand) {rC+ MR+ SInv}
   (You found it on level 14 of the Dungeon)

   [ring of see invisible]

   It protects you from cold.
   It affects your resistance to hostile enchantments.
   It lets you see invisible.
Wands
 j - a wand of random effects (9)
 y - a wand of paralysis (23)
 z - a wand of digging (6)
 G - a wand of polymorph (5)
 J - a wand of scattershot (6)
 W - a wand of flame (49)
Scrolls
 d - a scroll of fear
 e - 3 scrolls of amnesia
 g - 2 scrolls of blinking
 h - 5 scrolls of fog
 n - 4 scrolls of teleportation
 q - 2 scrolls of immolation
 s - a scroll of enchant armour
 C - 3 scrolls of remove curse
 L - a scroll of brand weapon
 M - a scroll of identify
 R - 2 scrolls of silence
 Y - a scroll of acquirement {unknown}
Potions
 i - 4 potions of flight
 k - a potion of might
 l - a potion of agility
 o - a potion of resistance
 p - a potion of berserk rage
 r - 2 potions of invisibility {unknown}
 t - a potion of brilliance {unknown}
 u - 4 potions of haste
 v - 7 potions of curing
 B - 4 potions of magic
 D - a potion of degeneration {unknown}
 N - a potion of lignification
Miscellaneous
 S - a lamp of fire
 V - a phantom mirror
Comestibles
 a - a chunk of flesh
 c - 18 rations


   Skills:
 + Level 17.8 Fighting
 - Level 14.2 Long Blades
 - Level 1.7 Armour
 - Level 1.7 Dodging


You had 13 spell levels left.
You didn't know any spells.
Your spell library was empty.

Dungeon Overview and Level Annotations

Branches:
Dungeon (15/15)            Temple (0/1) D:5            Lair (0/6) D:11
    Orc (2/2) D:11            Elf (0/3) Orc:2        Vaults (0/5) D:14
 Depths (0/5) D:15

Altars:
Cheibriados
Fedhas
Gozag
Hepliaklqana
Qazlal
Trog
Uskayaw
Vehumet
Wu Jian
Xom

Shops:
Orc:1 =   Orc:2 ?*

Portals:
Trove: D:13 (give +6 demon whip)


Innate Abilities, Weirdness & Mutations

You have a pair of horns on your head.
You are partially covered in sharp spines.
When hurt, damage is shared between your health and your magic reserves.
You regenerate magic rapidly.
Your movements are less encumbered by armour. (ER -4)
You have sharp toenails.
Your body sometimes deteriorates upon taking damage.


Message History

Things that are here:
a +0 long sword; a +0 plate armour; an orc skeleton Your two-headed ogre barely misses the orc sorcerer.
Your two-headed ogre hits the orc sorcerer with a +0 giant club!
The orc sorcerer points at your two-headed ogre and mumbles some strange words.
The bolt of fire hits your two-headed ogre!!!
The hellwing swoops through the air toward you!
The hellwing hits you but does no damage.
The hellwing barely misses you.
Your two-headed ogre hits the orc sorcerer with a +0 giant club!!!
The orc sorcerer dies!
Trog accepts your kill.
Trog appreciates your killing of a magic user.
The hellwing disappears in a puff of smoke!
The ynoxinul disappears in a puff of smoke!
You have reached level 14!
The orc sorcerer gestures at you while chanting.
The bolt of fire misses your two-headed ogre.
The bolt of fire hits you!!
You die...

###.#..###..###..........#.##.#
## #########..###..........#....
.## ##o###..###.............#
..### ##o§O###.[###.............
..#.# ##.#)#.###..###............
.#..###.o.#...###).###...........
..####.oo###...###.[###..........
..# #..3## ##..)###)[####......#.
.###...## ##..@§[)[.####....###
###..3# ##...#.)..###...## ##.#.#
##....#...###### #..o.
##.....#.∩## ...o ##..#.....# #..
##.....#.∩## ##. ##....#...## ##
##..)#....## .## ##..).....##


You could see an orc sorcerer, an orc warrior and a friendly two-headed ogre
(berserk).

Vanquished Creatures
  A caustic shrike zombie (D:15)
  A hydra (D:15)
  2 centaur warriors (D:13)
  5 two-headed ogres
  A vampire mage (D:15)
  Urug (D:11)
  A fire crab (shapeshifter) (D:14)
  2 skeletal warriors
  2 wizards (D:14)
  6 unseen horrors
  A tengu zombie (D:15)
  A necromancer (D:15)
  A wolf spider (D:12)
  4 orc knights
  3 cyclopes
  2 deep elf magi (D:15)
  An ugly thing (D:12)
  2 orc sorcerers (Orc:2)
  A stone giant zombie (D:15)
  A black mamba (shapeshifter) (D:14)
  A rust devil (Orc:2)
  3 kobold demonologists
  2 freezing wraiths (D:14)
  A komodo dragon (D:14)
  A yaktaur skeleton (D:15)
  3 yaktaurs
  A hellwing (Orc:2)
  9 trolls
  A hornet (D:9)
  4 hippogriffs
  10 slime creatures
  Sigmund (D:5)
  A shadow (D:14)
  2 ynoxinuls (Orc:2)
  The ghost of howech the Shield-Bearer, an amateur DDFi (D:4)
  A basilisk (D:11)
  6 yaks (D:12)
  4 wyverns
  2 hungry ghosts
  A warg (D:15)
  A soldier ant (D:15)
  3 acid dragons
  2 water moccasins
  Duvessa (D:5)
  24 orc warriors
  5 ice beasts
  An eye of draining (D:13)
  Purgy (Sewer)
  A black bear (D:9)
  4 sky beasts
  A phantom (D:10)
  A necrophage (D:10)
  5 centaurs
  15 ogres
  A crocodile (D:14)
  8 big kobolds
  11 bullfrogs
  Dowan (D:5)
  A scorpion (shapeshifter) (D:15)
  2 scorpions
  A water moccasin zombie (D:9)
  17 killer bees
  10 wights
  2 howler monkeys (D:11)
  6 crimson imps
  3 centaur zombies
  3 bullfrog zombies
  3 quasits
  25 orc priests
  7 hounds
  15 orc wizards
  11 centaur skeletons
  A gnoll shaman (D:4)
  4 jellies
  3 bullfrog skeletons
  An iguana (D:7)
  9 worker ants
  A hound skeleton (D:10)
  A worker ant zombie (D:11)
  4 gnolls (D:4)
  16 adders
  2 shadow imps
  2 oozes (D:3)
  2 adder zombies
  2 worms
  A dart slug (D:2)
  6 leopard geckos
  71 orcs
  5 ball pythons
  10 bats
  3 giant cockroaches
  14 goblins
  11 hobgoblins
  19 jackals
  30 kobolds
  4 quokkas
  5 frilled lizards
  A jackal zombie (D:6)
  A leopard gecko zombie (D:7)
  A quokka skeleton (D:6)
  A quokka zombie (D:6)
  10 rats
527 creatures vanquished.

Vanquished Creatures (collateral kills)
  An orc sorcerer (Orc:2)
  An orc knight (Orc:2)
  An orange demon (Orc:2)
3 creatures vanquished.

Vanquished Creatures (others)
  A rat (D:2)
1 creature vanquished.

Grand Total: 531 creatures vanquished

Notes
Turn   | Place    | Note
-------+----------+-------------------------------------------
     0 | D:1      | Dordric the Demonspawn Berserker began the quest for the
                  | Orb.
     0 | D:1      | Reached XP level 1. HP: 18/18 MP: 1/1
   101 | D:1      | Gained mutation: Your movements are slightly less
                  | encumbered by armour. (ER -2) [demonic ancestry]
   101 | D:1      | Reached XP level 2. HP: 13/24 MP: 2/2
   750 | D:2      | Gained mutation: You are partially covered in sharp spines.
                  | [demonic ancestry]
   750 | D:2      | Reached XP level 3. HP: 29/29 MP: 3/3
   763 | D:2      | Reached ** piety under Trog
  1390 | D:2      | Found a radiant altar of Vehumet.
  1493 | D:3      | Reached XP level 4. HP: 35/35 MP: 4/4
  1568 | D:3      | Reached skill level 5 in Long Blades
  1610 | D:3      | Gained mutation: When hurt, damage is shared between your
                  | health and your magic reserves. [demonic ancestry]
  1610 | D:3      | Reached XP level 5. HP: 33/41 MP: 5/5
  1682 | D:3      | Reached *** piety under Trog
  2005 | D:3      | Found a hazy altar of Hepliaklqana.
  2116 | D:3      | Found a glowing drain.
  2127 | Sewer    | Entered a sewer
  2168 | Sewer    | Noticed Purgy
  2177 | Sewer    | Killed Purgy
  2177 | Sewer    | Gained mutation: You have a pair of small horns on your
                  | head. [demonic ancestry]
  2177 | Sewer    | Reached XP level 6. HP: 47/47 MP: 6/6
  2536 | D:4      | Found a runed translucent door.
  2536 | D:4      | Noticed howech's ghost (amateur DDFi)
  2550 | D:4      | Killed howech's ghost
  2550 | D:4      | Gained mutation: You regenerate magic rapidly. [demonic
                  | ancestry]
  2550 | D:4      | Reached XP level 7. HP: 52/52 MP: 7/7
  3068 | D:5      | Entered Level 5 of the Dungeon
  3094 | D:5      | Found an ornate altar of the Wu Jian Council.
  3337 | D:5      | Noticed Sigmund
  3345 | D:5      | Killed Sigmund
  3345 | D:5      | Reached **** piety under Trog
  3424 | D:5      | Found a staircase to the Ecumenical Temple.
  3425 | D:5      | Noticed Duvessa
  3425 | D:5      | Noticed Dowan
  3442 | D:5      | Killed Duvessa
  3447 | D:5      | Killed Dowan
  3447 | D:5      | Reached XP level 8. HP: 16/58 MP: 8/8
  3809 | D:5      | Found an opulent altar of Gozag.
  4042 | D:6      | Found a shimmering altar of Xom.
  4042 | D:6      | Found a bloodstained altar of Trog.
  4685 | D:7      | Reached skill level 10 in Long Blades
  4900 | D:7      | Reached ***** piety under Trog
  5063 | D:7      | Reached XP level 9. HP: 63/63 MP: 9/9
  5448 | D:7      | You fall through a shaft!
  5578 | D:8      | Received a gift from Trog
  5886 | D:8      | Noticed a two-headed ogre
  5896 | D:8      | Killed a two-headed ogre
  6850 | D:8      | Reached XP level 10. HP: 48/70 MP: 10/10
  8348 | D:9      | Found a blossoming altar of Fedhas.
  8376 | D:9      | Found a hide-covered altar of Uskayaw.
  8657 | D:9      | Found a snail-covered altar of Cheibriados.
  8681 | D:9      | Received a gift from Trog
  8983 | D:10     | Entered Level 10 of the Dungeon
  9104 | D:10     | Reached skill level 4 in Fighting
  9263 | D:10     | Reached skill level 5 in Fighting
  9600 | D:10     | Reached skill level 6 in Fighting
  9612 | D:10     | Reached XP level 11. HP: 83/83 MP: 11/11
  9714 | D:10     | Found a stormy altar of Qazlal.
  9920 | D:11     | Reached skill level 7 in Fighting
  9973 | D:11     | Killed an unseen horror
  9988 | D:10     | HP: 2/86 [troll (5)]
  9995 | D:10     | Reached skill level 8 in Fighting
 10400 | D:11     | Found a staircase to the Lair.
 10471 | D:11     | Found a staircase to the Orcish Mines.
 10858 | D:12     | Received a gift from Trog
 10858 | D:12     | Reached skill level 9 in Fighting
 10968 | D:12     | HP: 2/90 [orc warrior/+0 battleaxe (12)]
 10984 | D:12     | HP: 3/90 [slime creature (2)]
 11382 | D:12     | Noticed an unseen horror
 11386 | D:12     | Killed an unseen horror
 11386 | D:12     | Reached skill level 10 in Fighting
 11408 | D:12     | Noticed a wolf spider
 11416 | D:12     | Killed a wolf spider
 11749 | D:12     | Noticed a cyan ugly thing
 11759 | D:12     | Killed a cyan ugly thing
 11968 | D:12     | Reached skill level 11 in Fighting
 12320 | D:13     | Noticed a centaur warrior
 12337 | D:13     | Killed a centaur warrior
 12471 | D:13     | Found a portal to a secret trove of treasure.
 12559 | D:13     | Noticed an unseen horror
 12563 | D:13     | Killed an unseen horror
 12563 | D:13     | Gained mutation: Your movements are less encumbered by
                  | armour. (ER -4) [demonic ancestry]
 12563 | D:13     | Reached XP level 12. HP: 102/102 MP: 12/12
 12613 | D:13     | Reached skill level 12 in Fighting
 13202 | D:13     | Noticed a centaur warrior
 13210 | D:13     | Killed a centaur warrior
 13611 | D:14     | Reached skill level 13 in Fighting
 13810 | D:14     | Noticed a two-headed ogre
 13826 | D:14     | Killed a two-headed ogre
 13826 | D:14     | Reached skill level 14 in Fighting
 14169 | D:14     | Got a brightly glowing brass ring
 14216 | D:14     | Found a gate to the Vaults.
 14216 | D:14     | Noticed a two-headed ogre
 14220 | D:14     | Killed a two-headed ogre
 14369 | D:14     | Reached ****** piety under Trog
 14496 | D:14     | Identified the ring "Hulogyan" {rC+ MR+ SInv} (You found it
                  | on level 14 of the Dungeon)
 14569 | D:14     | Gained mutation: You are dopey. (Int -2) [potion of
                  | mutation]
 14569 | D:14     | Gained mutation: You evolve. [potion of mutation]
 14570 | D:14     | Lost mutation: You evolve. [potion of mutation]
 14570 | D:14     | Lost mutation: You are dopey. (Int -2) [potion of mutation]
 14570 | D:14     | Gained mutation: You are robust. (+10% HP) [potion of
                  | mutation]
 14570 | D:14     | Gained mutation: You have sharp toenails. [potion of
                  | mutation]
 14668 | D:14     | Noticed a two-headed ogre
 14672 | D:14     | Killed a two-headed ogre
 14760 | D:15     | Entered Level 15 of the Dungeon
 14767 | D:15     | HP: 1/118 [yaktaur/bolt (24)]
 15177 | D:14     | Received a gift from Trog
 15814 | D:15     | Found a staircase to the Depths.
 15814 | D:15     | Noticed a vampire mage
 15958 | D:15     | Killed a vampire mage
 15960 | D:15     | Reached skill level 15 in Fighting
 15983 | D:14     | Gained mutation: You have a pair of horns on your head.
                  | [demonic ancestry]
 15983 | D:14     | Reached XP level 13. HP: 33/126 MP: 2/13
 17169 | D:15     | Reached skill level 16 in Fighting
 18664 | Orc:1    | Entered Level 1 of the Orcish Mines
 18665 | Orc:1    | Noticed Urug
 19272 | D:11     | Killed Urug
 19524 | Orc:1    | Received a gift from Trog
 19581 | Orc:1    | Reached skill level 17 in Fighting
 19583 | Orc:1    | Found Optughir's Jewellery Shop.
 19869 | Orc:2    | Entered Level 2 of the Orcish Mines
 21298 | Orc:2    | Found Egunyghe's Magic Scroll Shop.
 21300 | Orc:2    | Found Keeloabo's General Store.
 21920 | Orc:2    | Found a staircase to the Elven Halls.
 22316 | Orc:2    | Gained mutation: Your body sometimes deteriorates upon
                  | taking damage. [a neqoxec]
 22317 | Orc:2    | Lost mutation: You are robust. (+10% HP) [a neqoxec]
 22336 | Orc:2    | Reached XP level 14. HP: 36/129 MP: 2/14
 22336 | Orc:2    | Killed from afar by an orc sorcerer

Skill      XL: |  1  2  3  4  5  6  7  8  9 10 11 12 13 |
---------------+----------------------------------------+-----
Long Blades    | 3 4 5 6 7 9 11 13 14 | 14.2
Fighting       | 6 11 15 17 | 17.8
Armour         | |  1.7
Dodging        | |  1.7

Action                   |  1- 3 |  4- 6 |  7- 9 | 10-12 | 13-15 || total
-------------------------+-------+-------+-------+-------+-------++-------
Melee: Falchion          |   128 |   126 |   258 |       |       ||   512
       Headbutt          |       |    11 |    70 |   153 |    84 ||   318
       Dagger            |       |       |    33 |   362 |       ||   395
       Scimitar          |       |       |       |   253 |    98 ||   351
       Great sword       |       |       |       |    14 |    34 ||    48
       Kick              |       |       |       |     8 |   110 ||   118
       Long sword        |       |       |       |       |   131 ||   131
       Double sword      |       |       |       |       |     4 ||     4
Throw: Tomahawk          |       |       |       |     2 |       ||     2
Invok: Berserk           |       |     2 |     4 |    11 |     5 ||    22
       Trog's Hand       |       |       |     1 |     1 |       ||     2
       Brothers in Arms  |       |       |       |       |     2 ||     2
  Use: Scroll            |     9 |       |     7 |     7 |     1 ||    24
       Potion            |     2 |       |       |     9 |     1 ||    12
  Eat: Chunk             |     2 |     4 |    21 |    25 |    11 ||    63
       Ration            |       |       |       |     4 |     4 ||     8
Armor: Animal skin       |     4 |       |       |       |       ||     4
       Chain mail        |    57 |    54 |    81 |       |       ||   192
       Plate armour      |       |       |    64 |   195 |    77 ||   336
Dodge: Dodged            |    69 |    59 |   134 |   280 |   130 ||   672
       Rpst.: Falchion   |    20 |    17 |    30 |       |       ||    67
       Scimitar          |       |       |       |    22 |    13 ||    35
       Great sword       |       |       |       |     1 |     6 ||     7
       Long sword        |       |       |       |       |    13 ||    13
